 Dungeon Crawl Stone Soup version 0.30-a0-218-gedb9141078 (webtiles) character file.

Game seed: 7983051568843199404

430 billz999 the Sneak (level 6, -8/41 HPs)
             Began as a Vampire Earth Elementalist on Oct 6, 2022.
             Was an Initiate of Dithmenos.
             Mangled by Edmund
             ... wielding a +2 vorpal dire flail
              (17 damage)
             ... on level 4 of the Dungeon.
             The game lasted 00:06:58 (3370 turns).

billz999 the Sneak (Vampire Earth Elementalist)     Turns: 3370, Time: 00:06:59

Health: -8/41      AC:  4    Str:  7    XL:     6   Next: 66%
Magic:  2/9        EV: 12    Int: 19    God:    Dithmenos [......]
Gold:   135        SH:  0    Dex: 15    Spells: 4/9 levels left

rFire   . . .      SeeInvis +    r - +2 scythe (vorpal)
rCold   . . .      Faith    .    (shield currently unavailable)
rNeg    + . .      Spirit   .    q - +2 robe {rN+}
rPois   .          Reflect  .    (no helmet)
rElec   .          Harm     .    (no cloak)
rCorr   .          Rampage  .    (no gloves)
Will    .....                    (no boots)
Stlth   +++.......               (no amulet)
HPRegen 0.46/turn                (no ring)
MPRegen 0.11/turn                (no ring)

@: mighty, healing quickly
A: alive, fangs 3, see invisible, vampiric 2
a: Exsanguinate, Renounce Religion


You were on level 4 of the Dungeon.
You worshipped Dithmenos.
Dithmenos was noncommittal.
You visited 1 branch of the dungeon, and saw 4 of its levels.

You collected 135 gold pieces.

Inventory:

Hand Weapons
 c - a +0 whip
 h - a +0 dagger
 r - a +2 vorpal scythe (weapon)
Missiles
 i - 17 stones
 t - 4 datura-tipped darts
Armour
 a - a +0 robe
 q - a +2 robe of positive energy (worn)
Scrolls
 e - 2 scrolls of identify {unknown}
 f - 2 scrolls of enchant weapon {unknown}
 g - a scroll of immolation {unknown}
 k - a scroll of magic mapping
 o - a scroll of acquirement {unknown}
 s - a scroll of enchant armour {unknown}
Potions
 b - 2 potions of magic
 d - a potion of might
 j - 2 potions of curing {unknown}
 l - 2 potions of heal wounds {unknown}
 m - 2 potions of attraction {unknown}
 n - a potion of degeneration {unknown}
 p - a potion of berserk rage {unknown}


   Skills:
 - Level 2.1 Dodging
 - Level 6.8 Stealth
 - Level 2.0 Spellcasting
 + Level 6.3 Transmutations
 - Level 3.0 Earth Magic


You had 4 spell levels left.
You knew the following spells:

 Your Spells              Type           Power      Damage    Failure   Level
a - Sandblast             Erth           26%        2d8       4%          1
b - Petrify               Tmut/Erth      19%        N/A       26%         4

Your spell library contained the following spells:

 Spells                   Type           Power      Damage    Failure   Level
 Passwall                 Tmut/Erth      15%        N/A       3%          2
 Spider Form              Tmut/Pois      13%        N/A       14%         3
 Magic Dart               Conj           4%         1d3       17%         1
 Ensorcelled Hibernation  Hex/Ice        2%         N/A       26%         2
 Searing Ray              Conj           2%         2d4       26%         2
 Stone Arrow              Conj/Erth      14%        3d7       26%         3
 Gell's Gravitas          Tloc           1%         N/A       45%         3
 Lesser Beckoning         Tloc           2%         N/A       45%         3
 Ozocubu's Armour         Ice            1%         N/A       45%         3
 Teleport Other           Tloc           1%         N/A       45%         3
 Anguish                  Hex/Necr       0%         N/A       86%         4
 Fulminant Prism          Conj/Hex       0%         3d6       86%         4
 Ozocubu's Refrigeration  Ice            0%         4d7       100%        7


Dungeon Overview and Level Annotations

Branches:
Dungeon (4/15)             Temple (0/1) D:4

Altars:
Dithmenos

Shops:
D:1 *   D:3 [

Annotations:
D:2 Robin
D:4 Edmund


Innate Abilities, Weirdness & Mutations

Your natural rate of healing is accelerated.
You have razor-sharp teeth.
You have supernaturally acute eyesight. (SInv)
You are afflicted with vampirism and can become a bat while bloodless.


Message History

Aim: Grinder (heavily wounded, 80% to hit)
The blast of sand hits Grinder!
Grinder is almost dead.
Grinder hits you.
You writhe in agony.
Grinder gestures at you. Pain shoots through your body!
Casting: Sandblast (safe; 4% risk of failure)
Confirm with . or Enter, or press ? or * to list all spells.
Aiming: Sandblast (safe; 4% risk of failure)
Press: ? - help, Shift-Dir - straight line, f/p - Grinder
Aim: Grinder (almost dead, 80% to hit)
The blast of sand hits Grinder!
You kill Grinder!
Dithmenos accepts your kill.
Your Transmutations skill gained 2 levels and is now at level 6!
You have reached level 6!
There is a stone staircase leading down here.
You open the door.
Edmund the Younger comes into view.
He is wielding a +2 vorpal dire flail.
There is an open door here.
You aren't carrying any items that you can evoke.
Unknown command.
Casting: Sandblast (safe; 4% risk of failure)
Confirm with . or Enter, or press ? or * to list all spells.
Okay, then.
Casting: Sandblast (safe; 4% risk of failure)
Confirm with . or Enter, or press ? or * to list all spells.
You don't have enough magic to cast this spell.
Unknown command.
Reach: r) +2 scythe (vorpal)
Press: ? - help, Dir - move target, f - Edmund
Aim: Edmund, wielding a +2 vorpal dire flail and wearing a +0 chain mail (about 39% to evade your +2 vorpal scythe)
You reach to attack!
You hit Edmund but do no damage.
Edmund hits you with a +2 vorpal dire flail!
* * * LOW HITPOINT WARNING * * *
x2
Okay, then.
It was a potion of might.
You feel very mighty all of a sudden.
Edmund hits you with a +2 vorpal dire flail!
You die...

#..#######....##,**,**,**,**,*
#..............##*,,,***,,,***
##.#######......#,,,,,*,,,,,*,
#.# #......+,,,,,+,,>,,+, #.#
#......#,,,,,*,,,,,*,
#.#*#####.....###,,,***,,,***
#..,.........##.##,**,**,**,*
###*#####..>##...##*,,,*+*,,,
#...@@....+,,⌠,,+,,⌠,
#.#.##...#+*,,,***,,,
#.#..**.##,**,**,**,*
#..#.***#,,,***,,,***
#.#*.#,*,,,,,*,,,,,*,
#.,,..,+,,,,,+,,*,,+,
#**,..,*,,,,,*,,,,,*,
**,*,**,,,***,,,***
*,*,***,**,**,**,*


You could see Edmund.

Vanquished Creatures
  Grinder (D:4)
  Sigmund (D:3)
  An orc wizard (D:3)
  An adder (D:2)
  2 dart slugs (D:1)
  2 orcs (D:3)
  5 endoplasms
  6 giant cockroaches
  4 goblins
  4 hobgoblins
  5 quokkas
  6 ball pythons
  5 bats
  2 frilled lizards (D:2)
  7 kobolds
  8 rats
60 creatures vanquished.

Notes
Turn   | Place    | Note
-------+----------+-------------------------------------------
     0 | D:1      | billz999 the Vampire Earth Elementalist began the quest for
                  | the Orb.
     0 | D:1      | Reached XP level 1. HP: 13/13 MP: 3/3
   150 | D:1      | Found Yrubb's General Store.
   322 | D:1      | Reached XP level 2. HP: 19/19 MP: 0/5
   502 | D:1      | Found a faded altar of an unknown god.
   540 | D:1      | Reached skill level 5 in Stealth
   766 | D:1      | Gained mutation: You are afflicted with vampirism and can
                  | become a bat while bloodless. [Vampire growth]
   766 | D:1      | Reached XP level 3. HP: 24/24 MP: 4/6
  1098 | D:2      | Noticed Robin
  2645 | D:3      | Reached XP level 4. HP: 30/30 MP: 4/7
  2650 | D:3      | Learned a level 4 spell: Petrify
  2721 | D:3      | Found a shadowy altar of Dithmenos.
  2730 | D:3      | Became a worshipper of Dithmenos the Shadowed
  2855 | D:3      | Found Gaak's Antique Armour Shop.
  2906 | D:3      | Noticed Sigmund
  2911 | D:3      | Killed Sigmund
  2912 | D:3      | Reached XP level 5. HP: 35/35 MP: 5/8
  3347 | D:4      | Noticed Grinder
  3354 | D:4      | Paralysed by Grinder for 3 turns
  3362 | D:4      | Paralysed by Grinder for 2 turns
  3365 | D:4      | Killed Grinder
  3366 | D:4      | Reached XP level 6. HP: 20/41 MP: 1/9
  3368 | D:4      | Noticed Edmund
  3370 | D:4      | Mangled by Edmund

Illustrated notes

Levels and vault maps discovered:
D:1:      minmay_arrival_three_doors, layout_loops_ring,
          hellmonk_ecumenical_altar_inner_sanctum, serial_shops, shop
D:2:      layout_basic, hangedman_decor_points, uniq_robin
D:3:      layout_basic, mainiacjoe_overflow_six_doors_small, serial_shops,
          nicolae_shop_statue_plus, uniq_sigmund
D:4:      layout_loops_ring, minmay_temple_entry_mini_moons,
          cheibrodos_sewer_entry_sluice, nicolae_hexahallways, uniq_duvessa,
          uniq_edmund, uniq_crazy_yiuf_cottage, uniq_grinder

Skill      XL: |  1  2  3  4  5 |
---------------+----------------+-----
Stealth        | 4 5 6 |  6.8
Transmutations | 4 6 |  6.3
Dodging        | |  2.1
Spellcasting   | |  2.0
Earth Magic    | |  3.0

Action                   |  1- 3 |  4- 6 || total
-------------------------+-------+-------++-------
Melee: Whip              |     3 |       ||     3
       Bite              |     1 |       ||     1
       Dagger            |     9 |     2 ||    11
       Halberd           |       |     5 ||     5
 Cast: Sandblast         |    79 |    14 ||    93
  Use: Scroll            |     1 |     1 ||     2
       Potion            |       |     1 ||     1
 Stab: Sleeping          |     3 |     4 ||     7
Armor: Robe              |    11 |     1 ||    12
Dodge: Dodged            |    28 |     4 ||    32

Table legend: (Time is in decaauts)
 A = Elapsed time spent in this place.
 B = Non-inter-level travel time spent in this place.
 C = Inter-level travel time spent in this place.
 D = Time resting spent in this place.
 E = Time spent auto-exploring this place.
 F = Levels seen in this place.
 G = Mean time per level.
                   A        B        C        D        E       F      G
               +--------+--------+--------+--------+--------+-----+--------+
         Total |   3417 |   3194 |    223 |    194 |   2564 |   4 |  854.2 |
       Dungeon |   3417 |   3194 |    223 |    194 |   2564 |   4 |  854.2 |
               +--------+--------+--------+--------+--------+-----+--------+

Top non-repeatable levels by time:
     D:1: 1146 daAuts
     D:2: 1144 daAuts
     D:3: 1067 daAuts
     D:4: 58 daAuts
